 Dungeon Crawl Stone Soup version 0.31.0-11-ge490571c62 (webtiles) character file.

Game seed: 5772075148154175860

29 qw the Shooter (level 3, 0/18 HPs)
             Began as a Spriggan Hunter on Feb 4, 2024.
             Succumbed to their own poison gas
             ... on level 1 of the Dungeon.
             The game lasted 00:00:02 (607 turns).

qw the Shooter (Spriggan Hunter)                     Turns: 607, Time: 00:00:02

Health: 0/18       AC:  2    Str:  7    XL:     3   Next: 1%
Magic:  4/4        EV: 19    Int: 10    God:
Gold:   46         SH:  0    Dex: 20    Spells: 2/2 levels left

rFire   . . .        a - +0 shortbow
rCold   . . .        (shield currently unavailable)
rNeg    . . .        c - +0 robe
rPois   .            (helmet restricted)
rElec   .            (no cloak)
rCorr   .            (gloves unavailable)
SInv    +            (boots unavailable)
Will    .....        (no amulet)
Stlth   ++           (no ring)
HPRegen 0.23/turn    (no ring)
MPRegen 0.09/turn

%: no passive effects
@: lethally poisoned (0 -> -6), attractive, very quick
A: very small, no large weapons, unfitting armour, see invisible, speed 3
a: no special abilities


You were on level 1 of the Dungeon.
You visited 1 branch of the dungeon, and saw 1 of its levels.

You collected 46 gold pieces.


Innate Abilities, Weirdness & Mutations

You are very small and have problems with some larger weapons.
You are too small for most types of armour.
You have supernaturally acute eyesight. (SInv)
You cover ground extremely quickly. (Speed+++)


   Skills:
 - Level 1.5 Fighting
 + Level 4.4 Ranged Weapons
 - Level 4.0 Dodging
 - Level 1.5 Stealth


You had 2 spell levels left.
You didn't know any spells.
Your spell library was empty.

Inventory:

Hand Weapons
 a - a +0 shortbow (weapon)
Armour
 c - a +0 robe (worn)
Potions
 f - a potion of mutation
 h - a potion of magic {unknown}

Dungeon Overview and Level Annotations

Branches:
Dungeon (1/15)

Altars:


Message History

596 ||| READING scroll labelled UKOTEH CUIZAO.
The air fills with toxic fumes!
As you read the scroll labelled UKOTEH CUIZAO, it crumbles to dust.
It was a scroll of poison.
Done exploring.
597 ||| DRINKING 2 yellow potions.
It was a potion of attraction.
You feel attractive to monsters.
Done exploring.
598 ||| DROPPING scroll of butterflies.
You drop a scroll of butterflies.
Done exploring.
599 ||| DROPPING potion of brilliance.
You drop a potion of brilliance.
Done exploring.
600 ||| DROPPING potion of attraction.
You drop a potion of attraction.
Done exploring.
What level of the Dungeon? (default 1, ? - help) Sorry, I don't know how to get there.
Enter note:
Enter note:
Enter note:
Enter note:
Enter note:
Enter note:
Enter note:
Enter note:
Enter note: You are engulfed in poison gas.
You are lethally poisoned!
You feel very sick.
602 ||| Stepping ~*~*~tactically~*~*~ (cloud).
You feel very sick.
There is a lethal amount of poison in your body!
You feel very sick.
There is a lethal amount of poison in your body!
You feel very sick.
There is a lethal amount of poison in your body!
You feel sick.
There is a lethal amount of poison in your body!
You feel sick.
There is a lethal amount of poison in your body!
You die...

#...............###########
#..........................
#...............###########
#.......#########
#...)...#########
#...(...'.......#
#.......####....#
#....[...###....#
#.........@#!...#
##########000#### #.00#
#0#.# #.#0## #¤%¤¤# #...0#
#....##########
#.............#


There were no monsters in sight!

Vanquished Creatures
  2 ball pythons (D:1)
  2 endoplasms (D:1)
  2 giant cockroaches (D:1)
  A goblin (D:1)
  A hobgoblin (D:1)
  3 jackals (D:1)
  4 kobolds (D:1)
  A quokka (D:1)
  2 bats (D:1)
  4 frilled lizards (D:1)
  3 rats (D:1)
25 creatures vanquished.

Notes
Turn   | Place    | Note
-------+----------+-------------------------------------------
     0 | D:1      | qw the Spriggan Hunter began the quest for the Orb.
     0 | D:1      | Reached XP level 1. HP: 10/10 MP: 2/2
     0 | D:1      | 0 ||| qw: Version: 0.3-a-160-g6735b56
     0 | D:1      | 0 ||| qw: Game counter: 4754
     0 | D:1      | 0 ||| qw: Melee chars always use a shield: true
     0 | D:1      | 0 ||| qw: God list: Okawaru
     0 | D:1      | 0 ||| qw: Allow faded altars: false
     0 | D:1      | 0 ||| qw: Do Orc after clearing Dungeon:15 true
     0 | D:1      | 0 ||| qw: Do second Lair branch before Depths: true
     0 | D:1      | 0 ||| qw: Lair rune preference: random
     0 | D:1      | 0 ||| qw: Goals: Normal
     0 | D:1      | 0 ||| PLANNING D:1-11
    19 | D:1      | Reached skill level 3 in Dodging
    83 | D:1      | Reached XP level 2. HP: 14/14 MP: 3/3
   514 | D:1      | Reached XP level 3. HP: 18/18 MP: 4/4
   562 | D:1      | 562 ||| READING 2 scrolls labelled TIOFYW URAA.
   562 | D:1      | 562 ||| IDENTIFYING fuming yellow potion
   563 | D:1      | 563 ||| READING scroll of identify.
   563 | D:1      | 563 ||| IDENTIFYING clear potion
   564 | D:1      | 564 ||| READING scroll labelled YTZEPH GUHAMI.
   565 | D:1      | 565 ||| READING scroll labelled HUADGH FEOTHAUST.
   596 | D:1      | 596 ||| READING scroll labelled UKOTEH CUIZAO.
   597 | D:1      | 597 ||| DRINKING 2 yellow potions.
   598 | D:1      | 598 ||| DROPPING scroll of butterflies.
   599 | D:1      | 599 ||| DROPPING potion of brilliance.
   600 | D:1      | 600 ||| DROPPING potion of attraction.
   602 | D:1      | 602 ||| Stepping ~*~*~tactically~*~*~ (cloud).
   605 | D:1      | HP: 4/18 [poisoned by you (poison gas)]
   607 | D:1      | Succumbed to their own poison gas

Levels and vault maps discovered:
D:1:      spicycebolla_green_bress_n_ham, layout_basic, minmay_misc_feat_pillars

Skill      XL: |  1  2 |
---------------+-------+-----
Dodging        | 3 4 |  4.0
Fighting       | |  1.5
Ranged Weapons | |  4.4
Stealth        | |  1.5

Action                     || total
---------------------------++-------
   Fire: Shortbow          ||    73
    Use: Scroll            ||     5
         Potion            ||     1
 Armour: Robe              ||     8
  Dodge: Dodged            ||    33

Table legend:
 A = Non-vault XP
 B = Vault XP
 C = Vault XP percentage of total XP
 D = Non-vault monster count
 E = Vault monster count
 F = Vault count percentage of total count
                 A         B        C        D         E       F
            +---------+---------+-------+---------+---------+-------
      Total |      42 |       0 |   0.0 |      25 |       0 |   0.0
            +---------+---------+-------+---------+---------+-------
        D:1 |      42 |       0 |   0.0 |      25 |       0 |   0.0
            +---------+---------+-------+---------+---------+-------
